 Dungeon Crawl Stone Soup version 0.18.1-50-g88ac8fd (webtiles) character file.

21 Ilten the Caller (level 2, 0/20 HPs)
             Began as a Hill Orc Summoner on Apr 6, 2017.
             Slain by an adder (1 damage)
             ... on level 2 of the Dungeon on Apr 8, 2017.
             The game lasted 00:06:03 (1106 turns).

Ilten the Caller (Hill Orc Summoner)                Turns: 1106, Time: 00:06:03

Health: 0/20       AC:  3    Str: 10    XL:     2   Next: 87%
Magic:  3/4        EV: 11    Int: 15    God:
Gold:   19         SH:  0    Dex: 13    Spells: 1 memorised, 3 levels left

rFire  . . .     SeeInvis .     d - +0 whip
rCold  . . .     Gourm    .     e - +0 leather armour
rNeg   . . .     Faith    .     (no shield)
rPois  .         Spirit   .     (no helmet)
rElec  .         Dismiss  .     (no cloak)
rCorr  .         Reflect  .     (no gloves)
SustAt .         Harm     .     (no boots)
MR     +....                    (no amulet)
Stlth  ++........               (no ring)
                                (no ring)

@: somewhat resistant to hostile enchantments, unstealthy
A: agile 1, blurry vision 1, magic resistance 1
a: no special abilities


You were on level 2 of the Dungeon.
You were not hungry.

You visited 1 branch of the dungeon, and saw 2 of its levels.

You collected 19 gold pieces.

Inventory:

Hand Weapons
 d - a +0 whip (weapon)
Armour
 a - a +0 robe
 e - a +0 leather armour (worn)
Books
 b - a book of Callings

   Spells                             Type                      Level
   a - Summon Small Mammal            Summoning                    1
   b - Call Imp                       Summoning                    2
   c - Call Canine Familiar           Summoning                    3
   d - Summon Guardian Golem          Hexes/Summoning              3
   e - Summon Lightning Spire         Summoning/Air                4
   f - Summon Ice Beast               Ice/Summoning                4
Comestibles
 h - 4 fruits


   Skills:
 + Level 0.9 Armour
 + Level 1.7 Dodging
 + Level 1.8 Stealth
 + Level 1.8 Spellcasting
 + Level 4.3 Summonings


You had 3 spell levels left.
You knew the following spells:

 Your Spells              Type           Power        Failure   Level  Hunger
a - Summon Small Mammal   Summ           ##..         8%          1    ##.....


Dungeon Overview and Level Annotations

Branches:
Dungeon (2/15)

Altars:


Innate Abilities, Weirdness & Mutations

You are agile. (Dex +2)
Scrolls take you a little longer to read.
You are resistant to hostile enchantments.


Message History

Your bat's corpse disappears in a puff of smoke!
The jackal barely misses you.
You hit the jackal.
The jackal is almost dead.
Your bat barely misses the jackal.
The jackal completely misses your bat. The adder misses you.
The jackal bites you but does no damage.
The goblin barely misses you. The adder closely misses you.
You hit the jackal but do no damage.
The jackal is almost dead.
Your bat barely misses the jackal.
The jackal bites you but does no damage.
Your bat closely misses the jackal.
The goblin closely misses you. The adder bites you.
* * * LOW HITPOINT WARNING * * *
You closely miss the jackal.
The jackal is almost dead.
Your bat closely misses the adder.
Your bat barely misses the jackal.
The jackal closely misses you. The adder bites you.
You die...

##### ##...##### #
#........#.# (#
###....###.#.#..#
#.......g.......##
#......@h........=
#......hSb.....#..
##.....###.....#
#.....# #.....#
#.....# #.....#
#....## ........
#.#.## .........
#.#.# ........#
#.#.#


You could see an adder, 2 jackals, a goblin and a friendly bat.

Vanquished Creatures
  An ooze (D:1)
  A dart slug (D:1)
  2 goblins (D:1)
  A hobgoblin (D:1)
  A jackal (D:2)
  2 kobolds (D:1)
  5 rats
13 creatures vanquished.

Vanquished Creatures (collateral kills)
  A dart slug (D:1)
  A kobold (D:1)
  A bat (D:1)
3 creatures vanquished.

Grand Total: 16 creatures vanquished

Notes
Turn   | Place    | Note
--------------------------------------------------------------
     0 | D:1      | Ilten the Hill Orc Summoner began the quest for the Orb.
     0 | D:1      | Reached XP level 1. HP: 14/14 MP: 3/3
   392 | D:1      | Reached XP level 2. HP: 16/20 MP: 4/4
  1100 | D:2      | Gained mutation: You are agile. (Dex +2) [potion of mutation]
  1100 | D:2      | Gained mutation: You are resistant to hostile enchantments. [potion of mutation]
  1100 | D:2      | Gained mutation: Scrolls take you a little longer to read. [potion of mutation]
  1105 | D:2      | HP: 1/20 [adder (4)]
  1106 | D:2      | Slain by an adder

Action                   || total
-------------------------++-------
Melee: Whip              ||    54
 Cast: Summon Small Mamm ||     7
  Use: Scroll            ||     1
       Potion            ||     1
  Eat: Bread ration      ||     1
Armor: Leather armour    ||    33
       Robe              ||     1
Dodge: Dodged            ||    63
